 Dungeon Crawl Stone Soup version 0.31.0-32-g396128a36d (webtiles) character file.

Game seed: 1704178023885187706

95 H0rd4k the Charlatan (level 4, -1/28 HPs)
             Began as an Octopode Artificer on Mar 18, 2024.
             Slain by an orc
             ... wielding a +0 hand axe
              (6 damage)
             ... on level 3 of the Dungeon.
             The game lasted 00:01:26 (2083 turns).

H0rd4k the Charlatan (Octopode Artificer)           Turns: 2083, Time: 00:01:27

Health: -1/28      AC:  1    Str: 11    XL:     4   Next: 66%
Magic:  4/4        EV: 13    Int: 15    God:
Gold:   91         SH:  0    Dex: 12    Spells: 3/3 levels left

rFire   . .          .
                       - Unarmed
rCold   . . .        (no shield)
rNeg    . . .        (helmet restricted)
rPois   .            (no amulet)
rElec   .            j - ring of flight
rCorr   .            (no ring)
SInv    .            (no ring)
Will    .....        (no ring)
Stlth   +++          (no ring)
HPRegen 0.24/turn    (no ring)
MPRegen 0.09/turn    (no ring)
                     (no ring)

%: no passive effects
@: flying
A: almost no armour, amphibious, 8 rings, camouflage 1, gelatinous body 1,
(nimble swimmer 1), tentacles
a: no special abilities


You were on level 3 of the Dungeon.
You visited 1 branch of the dungeon, and saw 3 of its levels.

You collected 91 gold pieces.

Inventory:

Jewellery
 j - a ring of flight (left tentacle)
Wands
 b - a wand of flame (15) (quivered)
 c - a wand of charming (15)
 d - a wand of iceblast (5)
Scrolls
 g - a scroll of teleportation {unknown}
 k - a scroll of immolation {unknown}
 l - a scroll of identify {unknown}
 n - a scroll of fog {unknown}
Potions
 a - 2 potions of degeneration {unknown}
 e - a potion of might {unknown}
 f - 6 potions of curing {unknown}
 h - a potion of heal wounds {unknown}
 i - a potion of brilliance {unknown}
 m - a potion of cancellation {unknown}


   Skills:
 + Level 1.4 Fighting
 + Level 3.1 Dodging
 + Level 2.4 Stealth
 + Level 2.0 Unarmed Combat
 + Level 4.0 Evocations


You had 3 spell levels left.
You didn't know any spells.
Your spell library contained the following spells:

 Spells                   Type           Power      Damage    Failure   Level
 Apportation              Tloc           0%         N/A       26%         1
 Ensorcelled Hibernation  Hex/Ice        0%         N/A       38%         2
 Jinxbite                 Hex            0%         N/A       38%         2
 Passwall                 Erth           0%         N/A       63%         3
 Swiftness                Air            0%         N/A       63%         3
 Alistair's Intoxication  Alch           0%         N/A       100%        5


Dungeon Overview and Level Annotations

Branches:
Dungeon (3/15)

Altars:

Annotations:
D:2 1 runed translucent door, exclusion: door, Crazy Yiuf


Innate Abilities, Weirdness & Mutations

You cannot wear most types of armour.
You are amphibious.
You can wear up to eight rings at the same time.
Your skin changes colour to match your surroundings (Stealth+).
Your rubbery body absorbs attacks. (AC +1, EV +1)
((You are camouflaged when in or above water. (Stealth+)))
You have tentacles for arms and can constrict up to eight enemies at once.


Message History

r - Retreat! s - Stop attacking. g - Guard the area. f - Follow me.
Anything else - Cancel.
You shout for attention!
The orc shouts! x2; You hear a shout!
The orc hits you from afar with a +0 trident!
The orc hits you with a +0 trident.
You tentacle-slap the orc. You grab the orc. Your squeeze misses the orc.
The orc is severely wounded.
You constrict the orc. The orc misses you.
You tentacle-slap the orc.
You kill the orc!
Your Unarmed Combat skill increases to level 2!
You tentacle-slap the orc but do no damage.
Your grab misses the orc. Your squeeze misses the orc. The orc misses you.
You tentacle-slap the orc. You grab the orc.
You squeeze the orc, but do no damage.
The orc is moderately wounded.
You constrict the orc, but do no damage.
The orc struggles to escape constriction.
You tentacle-slap the orc. You squeeze the orc, but do no damage.
The orc is severely wounded.
You constrict the orc, but do no damage.
The orc escapes!
The orc throws a boomerang.
The boomerang misses you. The orc hits you with a +0 hand axe.
The orc closely misses you.
Things that are here:
a +0 trident; an orc corpse You barely miss the orc.
Your grab misses the orc. You squeeze the orc!
You kill the orc!
The orc hits you with a +0 hand axe.
You barely miss the orc. Your grab misses the orc. The orc barely misses you.
The orc closely misses you.
You barely miss the orc. You grab the orc. You constrict the orc.
The orc hits you with a +0 hand axe.
* * * LOW HITPOINT WARNING * * *
The orc hits you with a +0 short sword.
* * * LOW HITPOINT WARNING * * *
You tentacle-slap the orc.
The orc is severely wounded.
You constrict the orc. The orc hits you with a +0 hand axe.
You die...

........#.#......†...#.##
...o....#.#..........#...
........#................
........#.#..........####
.o.o......#..........#
########..##.........###
#....#..........#
#o##..........#.##
#@#.........###..#
#.o.####..### ##.. ##.###
#..######## #..#
##.......... #..#
##..###...... #..# #...#
#......
##.#####..####...†..
#..#........##......
#..#.....)..##......


You could see 2 orcs.

Vanquished Creatures
  An adder (D:3)
  A ribbon worm (D:2)
  2 dart slugs
  4 orcs (D:3)
  7 ball pythons
  9 bats
  5 endoplasms
  6 giant cockroaches
  3 goblins
  5 hobgoblins
  7 jackals (D:1)
  7 kobolds
  3 quokkas
  2 frilled lizards
  7 rats
69 creatures vanquished.

Notes
Turn   | Place    | Note
-------+----------+-------------------------------------------
     0 | D:1      | H0rd4k the Octopode Artificer began the quest for the Orb.
     0 | D:1      | Reached XP level 1. HP: 13/13 MP: 1/1
   102 | D:1      | Reached XP level 2. HP: 13/18 MP: 2/2
   328 | D:1      | Reached skill level 4 in Evocations
   420 | D:1      | Reached XP level 3. HP: 23/23 MP: 3/3
   714 | D:1      | Reached skill level 1 in Unarmed Combat
  1219 | D:2      | Reached XP level 4. HP: 28/28 MP: 4/4
  1732 | D:2      | Found a runed translucent door.
  1733 | D:2      | Noticed Crazy Yiuf
  2083 | D:3      | Slain by an orc

Illustrated notes

Levels and vault maps discovered:
D:1:      minmay_arrival_solitary_statue, layout_basic, minmay_unequal
D:2:      layout_loops_ring, minmay_strange_pillars, grunt_decor_fettered,
          minmay_tetromino_s4, uniq_crazy_yiuf_cottage
D:3:      layout_rooms, hangedman_decor_growths, chequers_serial_rivers_marsh

Skill      XL: |  1  2  3  4 |
---------------+-------------+-----
Evocations     | 4 |  4.0
Dodging        | 3 |  3.1
Unarmed Combat | 1 2 |  2.0
Stealth        | 2 |  2.4
Fighting       | |  1.4

Action                     |  1- 3 |  4- 6 || total
---------------------------+-------+-------++-------
  Melee: Unarmed           |   119 |    66 ||   185
         Constrict         |    37 |    15 ||    52
         Tentacles         |    30 |    19 ||    49
         Punch             |     2 |     1 ||     3
   Stab: Sleeping          |     6 |    11 ||    17
 Armour: Skin              |    52 |    24 ||    76
  Dodge: Dodged            |    89 |    34 ||   123
